 Dungeon Crawl Stone Soup version 0.30.1-5-ged363bc7ee (webtiles) character file.

Game seed: 11263436324772264749

6817 Gogs the Cleaver (level 11, -1/101 HPs)
             Began as a Hill Orc Fighter on Sept 14, 2023.
             Was a Believer of Makhleb.
             Slain by a two-headed ogre
             ... wielding a +0 giant club
              (8 damage)
             ... on level 8 of the Dungeon on Sept 19, 2023.
             The game lasted 00:32:28 (10426 turns).

Gogs the Cleaver (Hill Orc Fighter)                Turns: 10426, Time: 00:32:29

Health: -1/101     AC: 18    Str: 24    XL:     11   Next: 5%
Magic:  11/11      EV:  7    Int: 14    God:    Makhleb [**....]
Gold:   581        SH:  8    Dex: 10    Spells: 10/10 levels left

rFire   . . .        a - +1 war axe (flame)
rCold   . . .        c - +0 kite shield
rNeg    . . .        I - +0 chain mail
rPois   .            J - +2 helmet
rElec   .            (no cloak)
rCorr   +            (no gloves)
SInv    .            B - +2 pair of boots
Will    .....        (no amulet) Stlth
                     A - +6 ring of intelligence
HPRegen 0.36/turn    P - ring of resist corrosion
MPRegen 0.12/turn

%: no passive effects
@: mighty
A: no striking features
a: Renounce Religion, Minor Destruction


You were on level 8 of the Dungeon.
You worshipped Makhleb.
Makhleb was pleased with you.
You visited 2 branches of the dungeon, and saw 10 of its levels.
You also visited: Ossuary.

You collected 581 gold pieces.

Inventory:

Hand Weapons
 a - a +1 war axe of flaming (weapon)
 b - a +1 flail of draining
 w - a +1 sling of draining
Missiles
 g - 3 curare-tipped darts (quivered)
 j - a throwing net
 m - 73 stones
 x - 9 atropa-tipped darts
 E - 3 boomerangs
 H - 7 poisoned darts
 Q - 3 boomerangs of dispersal
Armour
 c - a +0 kite shield (worn)
 B - a +2 pair of boots (worn)
 I - a +0 chain mail (worn)
 J - a +2 helmet (worn)
Jewellery
 e - a ring of fire
 f - an amulet of faith
 A - a +6 ring of intelligence (left hand)
 P - a ring of resist corrosion (right hand)
Wands
 r - a wand of mindburst (6)
 t - a wand of iceblast (8)
 F - a wand of flame (51)
 M - a wand of light (17)
Scrolls
 i - 2 scrolls of enchant armour
 q - 2 scrolls of fear
 v - 2 scrolls of magic mapping
 y - a scroll of amnesia
 D - 4 scrolls of fog
 K - a scroll of silence {unknown}
 L - 2 scrolls of identify
 N - 2 scrolls of summoning {unknown}
 R - 2 scrolls of teleportation
Potions
 d - 2 potions of might
 h - a potion of invisibility {unknown}
 k - 2 potions of brilliance
 l - 2 potions of cancellation
 n - 2 potions of flight {unknown}
 o - 4 potions of lignification
 p - 5 potions of curing
 s - 2 potions of mutation {unknown}
 u - 2 potions of heal wounds
 z - a potion of attraction {unknown}
 C - 2 potions of ambrosia
 G - a potion of berserk rage {unknown}
 O - a potion of haste {unknown}


   Skills:
 + Level 10.4 Fighting
 * Level 14.8 Axes
 + Level 9.4 Armour
 - Level 5.0 Shields
 + Level 1.3 Invocations


You had 10 spell levels left.
You didn't know any spells.
Your spell library contained the following spells:

 Spells                   Type           Power      Damage    Failure   Level
 Magic Dart               Conj           0%         1d3       95%         1
 Searing Ray              Conj           0%         2d4       98%         2
 Dazzling Flash           Conj/Hex       0%         N/A       100%        3
 Portal Projectile        Hex/Tloc       0%         N/A       100%        3
 Tukima's Dance           Hex            0%         N/A       100%        3
 Volatile Blastmotes      Fire/Tloc      0%         2d10      100%        3
 Fulminant Prism          Conj/Hex       0%         3d5       100%        4
 Iskenderun's Mystic Bla  Conj/Tloc      0%         2d3       100%        4
 Blade Hands              Tmut           0%         N/A       100%        5
 Starburst                Conj/Fire      0%         6d3       100%        6


Dungeon Overview and Level Annotations

Branches:
Dungeon (9/15)             Temple (1/1) D:6         Ossuary (visited)
   Lair: D:8-11         Orc: D:9-12

Altars:
Ashenzari
Dithmenos
Elyvilon
Fedhas
Gozag
Hepliaklqana
Makhleb
Nemelex Xobeh
Okawaru
Sif Muna
Uskayaw
Vehumet
Wu Jian
Xom
The Shining One
Jiyva

Shops:
D:5 *   D:6 :   D:7 *

Portals:
Abyss: D:4

Annotations:
D:7 4 runed translucent doors
D:8 2 runed translucent doors, radiomath's ghost, novice MiBe
D:9 2 transporters


Message History

Okay, then.
You feel very mighty all of a sudden.
You feel sick.
The gnoll sergeant hits you but does no damage.
You are more poisoned.
The two-headed ogre hits you with a +0 giant club!!
The two-headed ogre hits you with a +0 giant spiked club.
You barely miss the two-headed ogre. The gnoll sergeant blocks your attack.
You feel very sick. The gnoll sergeant barely misses you.
You slice the two-headed ogre!! You burn the two-headed ogre.
The two-headed ogre is heavily wounded.
You slash the gnoll sergeant! You burn the gnoll sergeant.
You feel sick.
The gnoll sergeant hits you but does no damage.
You are more poisoned.
The two-headed ogre barely misses you.
The two-headed ogre hits you but does no damage.
You hit the two-headed ogre. You burn the two-headed ogre.
The two-headed ogre is heavily wounded.
The gnoll sergeant blocks your attack.
You feel very sick.
The gnoll sergeant hits you but does no damage.
You are more poisoned.
You slice the two-headed ogre!! You burn the two-headed ogre.
The two-headed ogre is almost dead.
You completely miss the gnoll sergeant.
You feel very sick.
The two-headed ogre hits you with a +0 giant club!
* * * LOW HITPOINT WARNING * * *
The two-headed ogre hits you with a +0 giant spiked club!
* * * LOW HITPOINT WARNING * * *
You feel better. The gnoll sergeant barely misses you.
You closely miss the two-headed ogre.
The two-headed ogre is almost dead.
You hit the gnoll sergeant. You burn the gnoll sergeant.
You block the gnoll sergeant's attack.
The two-headed ogre hits you with a +0 giant club!
* * * LOW HITPOINT WARNING * * *
The two-headed ogre hits you with a +0 giant spiked club!
You die...

.......# ♣♣♣♣♣♣♣#.#
.......# ♣).♣..♣#.#
.......###♣.#.#.♣#.#
.......#.'.♣!#.♣.'.#
.......#.#♣.#.#.♣###
.........#♣..♣..♣
#.########♣♣♣♣♣♣♣
#.################
).)............g@#
#.#############O##
#.# #.# #.#
########.# #.#
#........# #.#
#....##### #.#
#....# #.# #....#
#.# #....#


You could see a two-headed ogre and a gnoll sergeant.

Vanquished Creatures
  Erica (D:8)
  The ghost of safid the Chiller, a novice MfIE (D:5)
  Psyche (D:8)
  Maggie (D:7)
  Grinder (D:4)
  Prince Ribbit (D:5)
  The ghost of ranchalot the Ducker, an amateur DjEn of Ashenzari (D:4)
  Sigmund (D:3)
  A wyvern (D:7)
  4 yaks (D:8)
  A yak (shapeshifter) (D:9)
  Eustachio (D:6)
  2 steam dragons
  Menkaure (D:4)
  Edmund (D:6)
  2 ice beasts
  A black bear (D:5)
  2 centaurs
  4 ogres
  2 small abominations (D:4)
  A kobold brigand (D:7)
  Blork the orc (D:6)
  2 bullfrogs (D:8)
  A gnoll sergeant (D:7)
  6 water moccasin zombies (Ossuary)
  9 wights
  2 hounds (D:5)
  3 jellies
  4 orc priests
  2 iron imps (D:4)
  An iguana (D:6)
  Jessica (D:2)
  4 orc wizards
  A sleepcap (D:4)
  2 gnoll boudas
  2 mummies (Ossuary)
  7 adders
  23 gnolls
  A shadow imp (D:6)
  4 adder zombies (Ossuary)
  3 worms
  A dart slug (D:1)
  28 orcs
  7 bats
  6 endoplasms
  4 giant cockroaches
  2 gnoll zombies (Ossuary)
  7 goblins
  4 hobgoblins
  3 jackals (D:1)
  8 kobolds
  3 quokkas
  5 ball pythons
  3 frilled lizards (D:1)
  5 hobgoblin zombies (Ossuary)
  2 kobold zombies (Ossuary)
  3 orc zombies (Ossuary)
  10 rats
211 creatures vanquished.

Vanquished Creatures (others)
  An orc (D:8)
1 creature vanquished.

Grand Total: 212 creatures vanquished

Notes
Turn   | Place    | Note
-------+----------+-------------------------------------------
     0 | D:1      | Gogs the Hill Orc Fighter began the quest for the Orb.
     0 | D:1      | Reached XP level 1. HP: 19/19 MP: 1/1
   108 | D:1      | Reached skill level 3 in Axes
   111 | D:1      | Reached XP level 2. HP: 27/27 MP: 2/2
   429 | D:1      | Reached XP level 3. HP: 33/33 MP: 3/3
   946 | D:2      | Found a shimmering altar of Xom.
  1082 | D:2      | Noticed Jessica
  1089 | D:2      | Killed Jessica
  1090 | D:2      | Reached skill level 4 in Axes
  1090 | D:2      | Reached XP level 4. HP: 24/40 MP: 4/4
  1236 | D:2      | Found a faded altar of an unknown god.
  1691 | D:3      | Noticed Sigmund
  1708 | D:3      | Killed Sigmund
  1709 | D:3      | Reached skill level 5 in Fighting
  1709 | D:3      | Reached skill level 6 in Axes
  1709 | D:3      | Reached XP level 5. HP: 25/48 MP: 5/5
  1709 | D:3      | Reached XP level 6. HP: 30/56 MP: 6/6
  2015 | D:3      | Found a glowing golden altar of the Shining One.
  2547 | D:4      | Noticed Grinder
  2551 | D:4      | Paralysed by Grinder for 2 turns
  2558 | D:4      | Found a sand-covered staircase.
  2566 | D:4      | Paralysed by Grinder for 3 turns
  2571 | D:4      | Killed Grinder
  2572 | D:4      | Reached skill level 7 in Axes
  2572 | D:4      | Reached skill level 5 in Armour
  2572 | D:4      | Reached XP level 7. HP: 25/62 MP: 7/7
  2696 | Ossuary  | Entered an ossuary
  2803 | Ossuary  | Reached skill level 8 in Axes
  2884 | Ossuary  | Reached XP level 8. HP: 59/71 MP: 8/8
  3048 | D:4      | Found a transporter.
  3093 | D:4      | Found a transporter.
  3228 | D:4      | Found a burning altar of Makhleb.
  3339 | D:4      | Became a worshipper of Makhleb the Destroyer
  3512 | D:4      | Noticed Menkaure
  3524 | D:4      | Killed Menkaure
  3525 | D:4      | Reached skill level 9 in Axes
  3890 | D:4      | Upgraded the game from 0.30.1-4-g462c640d31 to
                  | 0.30.1-5-ged363bc7ee
  4034 | D:4      | Found a one-way gate to the infinite horrors of the Abyss.
  4093 | D:4      | Noticed ranchalot's ghost (amateur DjEn)
  4475 | D:5      | Entered Level 5 of the Dungeon
  4668 | D:5      | Found a runed translucent gate.
  4669 | D:5      | Found a runed translucent gate.
  4669 | D:5      | Found a runed translucent gate.
  4673 | D:5      | Noticed safid's ghost (novice MfIE)
  4679 | D:5      | HP: 2/71 [ogre/+0 giant club (31)]
  4958 | D:5      | Found Xolaoxzu's Assorted Antiques.
  5099 | D:5      | Reached skill level 10 in Axes
  5636 | D:6      | Noticed Eustachio
  5639 | D:6      | Noticed Prince Ribbit
  5665 | D:5      | Killed Prince Ribbit
  5806 | D:6      | Killed Eustachio
  5807 | D:6      | Reached XP level 9. HP: 42/80 MP: 9/9
  6031 | D:6      | Reached skill level 11 in Axes
  6052 | D:6      | Noticed Edmund
  6065 | D:6      | Killed Edmund
  6225 | D:6      | Found a staircase to the Ecumenical Temple.
  6231 | Temple   | Entered the Ecumenical Temple
  6424 | D:6      | Noticed Blork the orc
  6434 | D:6      | HP: 4/81 [gnoll/+0 halberd[a gnoll sergeant] (5)]
  6964 | D:6      | Killed Blork the orc
  7021 | D:6      | Found Tuimydgh's Book Shoppe.
  7251 | D:7      | Found a huge runed translucent gate.
  7251 | D:7      | Noticed a polar bear
  7252 | D:7      | Found a huge runed translucent gate.
  7252 | D:7      | Noticed a manticore
  7253 | D:7      | Found a huge runed translucent gate.
  7253 | D:7      | Noticed a polar bear
  7253 | D:7      | Noticed a polar bear
  7254 | D:7      | Found a huge runed translucent gate.
  7285 | D:7      | Noticed Maggie
  7314 | D:7      | Reached skill level 12 in Axes
  7330 | D:7      | Killed Maggie
  7502 | D:7      | Reached * piety under Makhleb
  7546 | D:7      | Found a radiant altar of Vehumet.
  7739 | D:7      | Reached XP level 10. HP: 83/91 MP: 10/10
  7806 | D:7      | Reached skill level 13 in Axes
  7860 | D:7      | Found Vont's Elemental Accessories.
  8399 | D:8      | Reached ** piety under Makhleb
  8408 | D:8      | Noticed Psyche
  8418 | D:8      | Killed Psyche
  8484 | D:8      | Noticed Erica
  8501 | D:8      | Killed Erica
  8502 | D:8      | Reached skill level 14 in Axes
  8736 | D:8      | Found a large runed translucent door.
  8736 | D:8      | Found a large runed translucent door.
  8738 | D:8      | Noticed radiomath's ghost (novice MiBe)
  9171 | D:4      | Reached skill level 10 in Fighting
  9199 | D:4      | Killed ranchalot's ghost
  9567 | D:5      | Killed safid's ghost
  9568 | D:5      | Reached skill level 5 in Shields
  9881 | D:9      | Reached XP level 11. HP: 101/101 MP: 11/11
 10036 | D:9      | Reached skill level 1 in Invocations
 10185 | D:9      | Found an ornate altar of the Wu Jian Council.
 10200 | D:9      | Identified the -1 cloak "Boq Zus" {rPois MP+9 Str+2}
 10215 | D:9      | Found a transporter.
 10216 | D:9      | Found a transporter.
 10218 | D:9      | Found a viscous altar of Jiyva.
 10247 | D:9      | Noticed a two-headed ogre
 10426 | D:8      | Slain by a two-headed ogre

Illustrated notes

Levels and vault maps discovered:
D:1:      dpeg_arrival_rooms_with_view, layout_loops_ring, minmay_hexomino_u4
D:2:      layout_loops_ring, nicolae_ecumenical_lake_church, basic_altar,
          uniq_jessica
D:3:      layout_loops_ring, tso_metal_star, kennysheep_generic_room_14,
          uniq_sigmund
D:4:      layout_basic, lemuel_tele_altar, lightli_ossuary_entry_decrepit_ruins,
          gammafunk_ghost_abyssal_escape, chequers_garden, st_stairs_8,
          hangedman_decor_peaks_small, uniq_grinder, uniq_menkaure
D:5:      layout_basic, ebering_ghost_rock_garden, serial_shops,
          nicolae_shop_overgrown_old_shop
D:6:      layout_basic, minmay_temple_entry_waves, serial_shops, shop,
          uniq_eustachio, uniq_edmund, uniq_blork_the_orc, uniq_prince_ribbit1
D:7:      lemuel_bear_cage, layout_basic, lemuel_round_altar,
          nicolae_elemental_shop, uniq_maggie
D:8:      layout_basic, ebering_ghost_disaster_area, kennysheep_generic_room_10,
          uniq_psyche, uniq_erica
D:9:      gammafunk_jiyva_shrine, layout_basic, old_standard_altar,
          minmay_overflow_temple_hex
Temple:   cyrus_temple_forest

Skill      XL: |  1  2  3  4  5  6  7  8  9 10 11 |
---------------+----------------------------------+-----
Axes           | 3 4 6 7 8 10 12 14 | 14.8
Fighting       | 4 5 6 7 9 10 | 10.4
Armour         | 4 5 7 8 9 |  9.4
Shields        | 5 |  5.0
Invocations    | 1 |  1.3

Action                     |  1- 3 |  4- 6 |  7- 9 | 10-12 || total
---------------------------+-------+-------+-------+-------++-------
  Melee: War axe           |    88 |    96 |   348 |   195 ||   727
         Unarmed           |       |       |       |    19 ||    19
    Use: Scroll            |     1 |     8 |    12 |       ||    21
         Potion            |       |     2 |     1 |     6 ||     9
   Stab: Confused          |       |       |       |     1 ||     1
 Armour: Scale mail        |    32 |    28 |    56 |       ||   116
         Chain mail        |       |       |    71 |    86 ||   157
         Skin              |       |       |       |     2 ||     2
  Dodge: Dodged            |    41 |    47 |   143 |    53 ||   284
  Block: Buckler           |    20 |    30 |    81 |     5 ||   136
         Kite shield       |       |       |       |    55 ||    55
